 Dungeon Crawl Stone Soup version 0.18-a0-1418-ga86aa8f (webtiles) character file.

154594 Tomstefer the Tortoise (level 17, -1/163 HPs)
             Began as a Minotaur Gladiator on Feb 26, 2016.
             Was a High Priest of Okawaru.
             Drowned by a water nymph (13 damage)
             ... on level 4 of the Shoals.
             The game lasted 01:32:06 (29594 turns).

Tomstefer the Tortoise (Minotaur Gladiator)        Turns: 29594, Time: 01:32:06

Health: -1/163     AC: 43    Str: 20    XL:     17   Next: 7%
Magic:  20/22      EV: 15    Int:  3    God:    Okawaru [*****.]
Gold:   2092       SH:  4    Dex: 17    Spells: 0 memorised, 16 levels left

rFire  . . .     SeeInvis .     U - +2 executioner's axe of Blood-Lust {vamp, rN+++ Str-4 Int-2 Stlth+}
rCold  + . .     Gourm    .     p - +10 plate armour "Cosagucw" {MR+ rCorr}
rNeg   + + +     Faith    .     (shield currently unavailable)
rPois  .         Spirit   .     h - +1 hat
rElec  .         Dismiss  .     c - +0 cloak {MR+}
rCorr  +         Reflect  +     T - +2 pair of gloves
SustAt .         Harm     .     a - +2 pair of boots "Karr" {MR+}
MR     ++++.                    u - +4 amulet of reflection
Stlth  ..........               q - ring of Elyvilon's Supremacy {rC+ Slay+2}
                                F - ring "Cios" {EV+2 Dex+3}

@: heroism, flying, incredibly resistant to hostile enchantments, extremely
unstealthy
A: retaliatory headbutt, horns 2
a: Heroism, Finesse, Renounce Religion


You were on level 4 of the Shoals.
You worshipped Okawaru.
Okawaru was extremely pleased with you.
You were not hungry.

You visited 6 branches of the dungeon, and saw 31 of its levels.
You also visited: Ossuary.

You collected 2834 gold pieces.
You spent 742 gold pieces at shops.

Inventory:

Hand Weapons
 Q - a +2 hand axe of flaming
 U - the +2 executioner's axe of Blood-Lust (weapon) {vamp, rN+++ Str-4 Int-2 Stlth+}
   (Okawaru gifted it to you on level 8 of the Lair of Beasts)

   It inflicts no extra harm, but heals its wielder somewhat when it strikes a
   living foe.
   It affects your strength (-4).
   It affects your intelligence (-2).
   It renders you almost immune to negative energy.
   It makes you more stealthy.
Missiles
 m - 11 javelins of penetration (quivered)
 v - 7 throwing nets
 W - 3 tomahawks of dispersal
 Y - 3 poisoned javelins
Armour
 a - the +2 pair of boots "Karr" (worn) {MR+}
   (Okawaru gifted it to you on level 3 of the Lair of Beasts)

   It affects your resistance to hostile enchantments.
 c - a +0 cloak of magic resistance (worn)
 h - a +1 hat (worn)
 p - the +10 plate armour "Cosagucw" (worn) {MR+ rCorr}
   (You bought it in a shop on level 2 of the Orcish Mines)

   It affects your resistance to hostile enchantments.
   It protects you from acid and corrosion.
 T - a +2 pair of gloves (worn)
 V - a +1 cloak of poison resistance
Rods
 P - a +5 rod of clouds (10/10)
   (You found it on level 12 of the Dungeon)
Jewellery
 q - the ring of Elyvilon's Supremacy (right hand) {rC+ Slay+2}
   (You acquired it on level 1 of the Shoals)

   [ring of protection from cold]

   It affects your accuracy and damage with ranged weapons and melee attacks
   (+2).
   It protects you from cold.
 u - a +4 amulet of reflection (around neck)
 B - an uncursed ring of flight
 E - a +5 ring of dexterity
 F - the ring "Cios" (left hand) {EV+2 Dex+3}
   (You bought it in a shop on level 5 of the Dungeon)

   [ring of evasion]

   It affects your evasion (+2).
   It affects your dexterity (+3).
Wands
 b - a wand of digging (5/24)
 R - a wand of digging (8/24)
Scrolls
 d - 2 scrolls of blinking
 j - a scroll of magic mapping
 n - a scroll of recharging
 o - 8 scrolls of identify
 r - 5 scrolls of remove curse
 x - a scroll of silence
 y - 10 scrolls of teleportation
 C - 7 scrolls of enchant weapon
 J - a scroll of noise
 K - 3 scrolls of enchant armour
 X - 3 scrolls of fear
Potions
 e - a potion of invisibility
 l - 2 potions of resistance
 w - 10 potions of curing
 A - a potion of cancellation
 D - 3 potions of agility
 G - a potion of haste
 H - a potion of might
 L - 3 potions of cure mutation
 N - 5 potions of flight
Miscellaneous
 t - a phantom mirror
 M - a lantern of shadows
 O - a fan of gales
Comestibles
 f - 12 bread rations
 g - 13 royal jellies
 i - 23 fruits
 k - 7 meat rations
 s - 8 beef jerkies
 z - 4 slices of pizza


   Skills:
 - Level 17.7(22.7) Fighting
 + Level 19.9(24.9) Axes
 - Level 2.0(7.0) Throwing
 + Level 20.8(25.8) Armour
 - Level 3.2(8.2) Dodging
 - Level 8.0 Invocations


You had 16 spell levels left.
You didn't know any spells.

Dungeon Overview and Level Annotations

Branches:
Dungeon (14/15)            Temple (1/1) D:7            Lair (8/8) D:10
 Shoals (4/4) Lair:6       Spider (0/4) Lair:5        Slime (0/6) Lair:7
    Orc (2/2) D:9             Elf (2/3) Orc:2
 Vaults: D:13-14

Altars:
Ashenzari
Dithmenos
Elyvilon
Fedhas
Kikubaaqudgha
Makhleb
Nemelex Xobeh
Okawaru
Sif Muna
Trog
Vehumet
Yredelemnul
The Shining One
Beogh
Jiyva

Shops:
D:4 %!   D:5 **   D:6 ?   Orc:1 :   Orc:2 [(((

Portals:
Hell: Lair:8

Annotations:
D:9 1 runed door


Innate Abilities, Weirdness & Mutations

You reflexively headbutt those who attack you in melee.
You have a pair of horns on your head.


Message History

You headbutt the water nymph, but do no damage.
Your unstable footing causes you to fumble your attack.
The water nymph casts a spell at you. The water swirls and strikes you!
* * * LOW HITPOINT WARNING * * *
You hit the water nymph but do no damage.
You headbutt the water nymph!
The water nymph is almost dead.
The water nymph touches you.
* * * LOW HITPOINT WARNING * * *
The water nymph drowns you!
* * * LOW HITPOINT WARNING * * *
Drink which item? (? for menu, Esc to quit)
You feel better. The water nymph touches you. The water nymph drowns you!
* * * LOW HITPOINT WARNING * * *
Drink which item? (? for menu, Esc to quit)
You feel very buoyant.
You fly up into the air.
The water nymph touches you. The water nymph drowns you!
You die...

.≈≈≈≈≈≈≈≈.......#
.P≈≈≈≈≈≈≈≈.....#
PP.P≈≈≈≈P≈.....#
≈≈≈.≈P≈P≈≈.....#
≈≈≈≈≈≈≈≈P≈.....#
..P..≈≈≈≈≈!.≈≈≈#
...P.≈P≈.≈≈≈≈≈≈#
..≈≈≈≈≈≈≈≈≈≈≈≈≈m## ≈
..≈≈≈≈≈≈≈≈≈≈..≈≈@#######≈≈
...≈≈.P≈≈≈≈≈≈≈≈≈≈≈≈≈≈≈≈≈≈≈
≈...≈≈≈≈≈≈≈≈≈≈≈≈≈≈≈≈≈≈≈≈≈≈
≈≈ ≈≈≈≈≈≈≈≈≈≈≈≈≈≈≈≈≈ ≈
≈≈≈≈≈≈≈≈≈≈≈≈≈≈≈≈≈
≈≈≈≈≈≈≈≈≈≈≈≈≈≈≈≈≈
≈≈≈≈≈≈≈≈≈≈≈≈≈≈≈≈≈
≈≈≈≈≈≈≈≈≈≈≈≈≈≈≈≈≈
≈≈≈≈≈≈≈≈≈≈≈≈≈≈≈≈


You could see a water nymph.

Vanquished Creatures
  Jorgrun (Shoals:4)
  Frances (Shoals:1)
  An orc warlord (Orc:2)
  2 stone giants
  2 deep elf demonologists (Elf:1)
  A dire elephant (Lair:8)
  A fire dragon (D:12)
  5 merfolk impalers
  A deep elf high priest (Elf:1)
  6 hydras
  An ice dragon (Lair:6)
  An alligator snapping turtle (Shoals:3)
  A merfolk avatar (Shoals:2)
  2 merfolk aquamancers (Shoals:2)
  A satyr (Shoals:3)
  A small abomination (Elf:1)
  10 dancing weapons (Elf:1)
  A tengu warrior (D:12)
  17 death yaks
  An orc high priest (Elf:1)
  16 deep elf knights
  Nergalle (Lair:2)
  Sonja (Lair:4)
  A sun demon (Lair:8)
  A wizard (Lair:8)
  4 sea snakes
  4 deep elf archers (Elf:1)
  13 harpies
  4 orc knights
  3 hill giants
  26 deep elf magi
  2 orc sorcerers (Orc:2)
  5 ugly things
  A cyclops (D:11)
  9 fauns
  4 griffons
  An oklob plant (Lair:7)
  2 manticores
  3 water nymphs
  5 elephants (Lair:8)
  An orb spider (Lair:5)
  A sixfirhy (Lair:8)
  Maurice (D:10)
  7 black mambas
  5 sirens
  A gargoyle (D:12)
  2 orange demons (Lair:8)
  18 spiny frogs
  4 rime drakes
  4 ice devils (Lair:8)
  12 komodo dragons
  A hellwing (Lair:8)
  2 red devils (Lair:8)
  3 trolls
  A polar bear (Lair:8)
  A queen bee (Lair:5)
  21 merfolk
  3 wind drakes
  A two-headed ogre (D:10)
  6 slime creatures (D:12)
  24 blink frogs
  3 snapping turtles
  An air elemental (Elf:2)
  Sigmund (D:2)
  2 water elementals
  2 wyverns
  82 yaks
  5 basilisks
  A fire elemental (Elf:1)
  2 hungry ghosts
  A steam dragon (Lair:4)
  14 hippogriffs
  2 mottled dragons
  A warg (Orc:2)
  15 wolves
  2 soldier ants
  14 water moccasins
  The ghost of Tomstefer the Firebug, an amateur GrFE (D:3)
  2 hell hounds (Lair:8)
  8 porcupines
  4 ice beasts
  38 orc warriors
  A swamp drake (Lair:4)
  2 black bears (D:6)
  An eye of draining (D:10)
  A wasp (D:12)
  4 sky beasts
  17 centaurs
  12 ogres
  18 crocodiles
  15 giant frogs
  A wyvern zombie (D:5)
  5 water moccasin zombies (Ossuary)
  A gnoll sergeant (Orc:2)
  2 earth elementals (Elf:1)
  5 scorpions
  24 killer bees
  3 wights (D:12)
  An electric eel (Lair:4)
  3 howler monkeys
  4 crimson imps
  2 giant frog zombies
  A centaur zombie (D:9)
  3 jellies
  24 orc priests
  3 centaur skeletons
  4 giant frog skeletons
  5 hounds
  Jessica (D:2)
  10 iguanas
  8 worker ants
  Natasha (thrice) (D:3)
  28 orc wizards
  19 sheep
  A giant frog simulacrum (D:12)
  A big kobold zombie (Ossuary)
  2 mummies (Ossuary)
  4 worker ant zombies
  14 gnolls
  A howler monkey skeleton (D:7)
  17 adders
  77 river rats
  2 shadow imps (D:13)
  2 oozes
  8 adder zombies
  2 adder skeletons
  3 dart slugs
  4 giant geckos
  86 orcs
  11 bats
  4 giant cockroaches
  5 goblins
  9 hobgoblins
  2 jackals (D:8)
  3 quokkas
  2 ball pythons
  A giant gecko zombie (D:5)
  4 giant newts
  3 gnoll zombies (Ossuary)
  8 hobgoblin zombies (Ossuary)
  A jackal skeleton (D:6)
  A jackal zombie (D:9)
  3 kobolds
  5 kobold zombies (Ossuary)
  3 orc zombies (Ossuary)
  9 rats
  2 crawling corpses (Elf:1)
  4 fungi
  6 plants
1024 creatures vanquished.

Vanquished Creatures (others)
  A merfolk javelineer (Shoals:2)
  A satyr (Shoals:2)
  An unseen horror (D:11)
  2 sheep (Lair:4)
  2 orcs (Orc:2)
  20 fungi
  15 plants
42 creatures vanquished.

Grand Total: 1066 creatures vanquished

Notes
Turn   | Place    | Note
--------------------------------------------------------------
     0 | D:1      | Tomstefer the Minotaur Gladiator began the quest for the Orb.
     0 | D:1      | Reached XP level 1. HP: 18/18 MP: 0/0
   183 | D:1      | Reached XP level 2. HP: 25/25 MP: 1/1
   717 | D:1      | You fall through a shaft!
   736 | D:2      | Reached XP level 3. HP: 31/31 MP: 2/2
   814 | D:2      | Noticed Sigmund
  1503 | D:2      | Noticed Jessica
  1507 | D:2      | Killed Jessica
  1507 | D:2      | Reached skill level 5 in Axes
  1507 | D:2      | Reached XP level 4. HP: 37/40 MP: 3/3
  1616 | D:2      | Killed Sigmund
  1616 | D:2      | Reached skill level 5 in Fighting
  1616 | D:2      | Reached XP level 5. HP: 28/48 MP: 4/4
  1880 | D:2      | You fall through a shaft!
  1940 | D:3      | Noticed Tomstefer's ghost (amateur GrFE)
  1957 | D:3      | Noticed an ogre
  1966 | D:3      | Killed an ogre
  1966 | D:3      | Reached XP level 6. HP: 54/57 MP: 5/5
  1979 | D:3      | Killed Tomstefer's ghost
  2070 | D:3      | Noticed Natasha
  2081 | D:3      | Killed Natasha
  2081 | D:3      | Reached skill level 1 in Armour
  2396 | D:3      | Noticed Natasha
  2408 | D:3      | Killed Natasha
  2485 | D:3      | Found a basalt altar of Yredelemnul.
  2597 | D:3      | Noticed Natasha
  2606 | D:3      | Killed Natasha
  2606 | D:3      | Reached XP level 7. HP: 63/63 MP: 6/6
  2777 | D:3      | Reached skill level 2 in Armour
  3011 | D:4      | Found Pajeup's Food Shop.
  3024 | D:4      | Found Zocitaf's Distillery.
  3187 | D:4      | Reached skill level 3 in Armour
  3450 | D:5      | Entered Level 5 of the Dungeon
  3627 | D:5      | Reached skill level 4 in Armour
  3843 | D:5      | Reached XP level 8. HP: 63/70 MP: 7/7
  3863 | D:5      | Found Babing's General Store.
  3896 | D:5      | Reached skill level 5 in Armour
  4156 | D:5      | Found Ineaha's Assorted Antiques.
  4162 | D:5      | Bought a silvery potion for 27 gold pieces
  4162 | D:5      | Bought a brightly glowing glass ring for 155 gold pieces
  4162 | D:5      | Identified the ring "Cios" {EV+2 Dex+3} (You bought it in a shop on level 5 of the Dungeon)
  4668 | D:6      | Found Ylulus's Magic Scroll Emporium.
  4687 | D:6      | Reached skill level 6 in Armour
  4863 | D:6      | Found a bloodstained altar of Trog.
  4881 | D:6      | Reached skill level 10 in Axes
  4881 | D:6      | Reached skill level 7 in Armour
  5057 | D:7      | Found a staircase to the Ecumenical Temple.
  5066 | D:7      | Found a sand-covered staircase.
  5096 | Ossuary  | Entered an ossuary
  5164 | Ossuary  | Reached XP level 9. HP: 71/79 MP: 8/8
  5421 | D:7      | Found a blossoming altar of Fedhas.
  5456 | Temple   | Entered the Ecumenical Temple
  5503 | Temple   | Became a worshipper of Warmaster Okawaru
  5607 | D:7      | Found a glowing golden altar of the Shining One.
  6237 | D:6      | Reached * piety under Okawaru
  6514 | D:6      | Found a shattered altar of Ashenzari.
  7314 | D:8      | Found a deep blue altar of Sif Muna.
  7420 | D:8      | Found a white marble altar of Elyvilon.
  7484 | D:8      | Found a radiant altar of Vehumet.
  7720 | D:9      | Reached ** piety under Okawaru
  7720 | D:9      | Reached skill level 10 in Fighting
  7970 | D:9      | Reached XP level 10. HP: 75/93 MP: 9/9
  8319 | D:9      | Found a runed door.
  8321 | D:9      | Found a basalt altar of Yredelemnul.
  8386 | D:9      | Found a staircase to the Orcish Mines.
  8643 | D:10     | Entered Level 10 of the Dungeon
  8957 | D:10     | Found a staircase to the Lair.
  8970 | D:10     | Noticed Maurice
  8984 | D:10     | Killed Maurice
  8984 | D:10     | Reached *** piety under Okawaru
  9053 | D:10     | Reached skill level 8 in Armour
  9869 | Lair:1   | Entered Level 1 of the Lair of Beasts
  9942 | Lair:1   | Reached skill level 9 in Armour
  9991 | Lair:1   | Reached **** piety under Okawaru
 10132 | Lair:1   | Noticed a black mamba
 10150 | Lair:1   | Killed a black mamba
 10404 | Lair:1   | Noticed a spiny frog
 10416 | Lair:1   | Killed a spiny frog
 10416 | Lair:1   | Received a gift from Okawaru
 10611 | Lair:1   | Noticed a spiny frog
 10621 | Lair:1   | Killed a spiny frog
 10621 | Lair:1   | Reached XP level 11. HP: 95/101 MP: 10/10
 10652 | Lair:1   | Reached skill level 10 in Armour
 10960 | Lair:2   | Noticed Nergalle
 10989 | Lair:2   | Killed Nergalle
 11320 | Lair:2   | Reached ***** piety under Okawaru
 11320 | Lair:2   | Received a gift from Okawaru
 11623 | Lair:2   | Reached skill level 11 in Armour
 11987 | Lair:3   | Noticed a four-headed hydra
 12001 | Lair:2   | Killed a one-headed hydra
 12367 | Lair:3   | Received a gift from Okawaru
 12367 | Lair:3   | Reached skill level 12 in Armour
 12383 | Lair:3   | Got a pair of brightly glowing boots {god gift}
 12435 | Lair:3   | Identified the +2 pair of boots "Karr" {MR+} (Okawaru gifted it to you on level 3 of the Lair of Beasts)
 12633 | Lair:3   | Reached XP level 12. HP: 79/115 MP: 11/11
 12923 | Lair:4   | Noticed Sonja
 12944 | Lair:4   | Killed Sonja
 13441 | Lair:4   | Reached skill level 13 in Armour
 13758 | Lair:4   | Found a radiant altar of Vehumet.
 14712 | Lair:5   | Found a shadowy altar of Dithmenos.
 14762 | Lair:5   | Found a hole to the Spider Nest.
 14965 | Lair:5   | Reached skill level 14 in Armour
 15238 | Lair:6   | Found a staircase to the Shoals.
 15284 | Lair:6   | Reached skill level 15 in Fighting
 15298 | Lair:6   | Received a gift from Okawaru
 15668 | Lair:6   | Noticed an ice dragon
 15750 | Lair:6   | Killed an ice dragon
 16238 | Lair:6   | Reached XP level 13. HP: 127/127 MP: 12/12
 16424 | Lair:6   | Reached skill level 15 in Armour
 17000 | Lair:7   | Reached skill level 1 in Invocations
 17118 | Lair:7   | Found a staircase to the Slime Pits.
 17118 | Lair:7   | Found a viscous altar of Jiyva.
 17195 | Lair:7   | Received a gift from Okawaru
 17328 | Lair:7   | Reached skill level 5 in Invocations
 17655 | Lair:7   | Got a shimmering hand axe
 17656 | Lair:7   | Identified the +7 hand axe of the Coward {venom, rElec rPois Stlth+} (You found it on level 7 of the Lair of Beasts)
 17874 | Lair:7   | Received a gift from Okawaru
 17899 | Lair:7   | Received a gift from Okawaru
 17924 | Lair:7   | Reached ****** piety under Okawaru
 18359 | Lair:7   | Reached XP level 14. HP: 125/140 MP: 10/18
 18605 | Lair:8   | Entered Level 8 of the Lair of Beasts
 18621 | Lair:8   | Received a gift from Okawaru
 18645 | Lair:8   | Got a slimy executioner's axe {god gift}
 18657 | Lair:8   | Identified the +2 executioner's axe of Blood-Lust {vamp, rN+++ Str-4 Int-2 Stlth+} (Okawaru gifted it to you on level 8 of the Lair of Beasts)
 19291 | Lair:8   | Received a gift from Okawaru
 19303 | Lair:8   | Reached skill level 16 in Armour
 19349 | Lair:8   | Reached skill level 15 in Axes
 19390 | Lair:8   | Found a burning altar of Makhleb.
 19672 | Lair:8   | Found a gateway to Hell.
 20424 | Orc:1    | Entered Level 1 of the Orcish Mines
 20424 | Orc:1    | Found Nejaytit's Book Shoppe.
 20596 | Orc:2    | Entered Level 2 of the Orcish Mines
 20623 | Orc:2    | Found a roughly hewn altar of Beogh.
 20699 | Orc:2    | Found a roughly hewn altar of Beogh.
 20807 | Orc:2    | Found a staircase to the Elven Halls.
 20944 | Orc:2    | Found a roughly hewn altar of Beogh.
 20945 | Orc:2    | Found Ganeest's Antique Weapon Shoppe.
 20988 | Orc:2    | Found a roughly hewn altar of Beogh.
 21085 | Orc:2    | Noticed an orc warlord
 21106 | Orc:2    | Killed an orc warlord
 21106 | Orc:2    | Received a gift from Okawaru
 21184 | Orc:2    | Found Zofifer's Antique Armour Shop.
 21185 | Orc:2    | Found a roughly hewn altar of Beogh.
 21190 | Orc:2    | Found Berch's Antique Weapon Boutique.
 21202 | Orc:2    | Bought a bloodstained plate armour for 560 gold pieces
 21212 | Orc:2    | Identified the +10 plate armour "Cosagucw" {MR+ rCorr} (You bought it in a shop on level 2 of the Orcish Mines)
 21238 | Orc:2    | Noticed a stone giant
 21248 | Orc:2    | Killed a stone giant
 21406 | Orc:2    | Reached skill level 17 in Armour
 21436 | Orc:2    | Found a roughly hewn altar of Beogh.
 21439 | Orc:2    | Found Pitur's Weapon Shoppe.
 21685 | Orc:1    | Noticed a stone giant
 21694 | Orc:1    | Killed a stone giant
 21694 | Orc:1    | Reached XP level 15. HP: 91/148 MP: 19/19
 21921 | D:11     | Found an ancient bone altar of Kikubaaqudgha.
 22015 | D:11     | Received a gift from Okawaru
 23255 | D:12     | Identified a +5 rod of clouds (10/10) (You found it on level 12 of the Dungeon)
 24150 | D:13     | Reached skill level 18 in Armour
 24503 | D:13     | Found a burning altar of Makhleb.
 24914 | Elf:1    | Entered Level 1 of the Elven Halls
 25383 | Elf:1    | Received a gift from Okawaru
 25612 | Elf:1    | Received a gift from Okawaru
 26145 | Elf:1    | Reached skill level 19 in Armour
 26223 | Elf:1    | Reached XP level 16. HP: 157/157 MP: 20/20
 26407 | Elf:1    | Received a gift from Okawaru
 26423 | Elf:1    | Noticed an Ice Fiend
 26825 | Shoals:1 | Entered Level 1 of the Shoals
 27054 | Shoals:1 | Received a gift from Okawaru
 27108 | Shoals:1 | Noticed Frances
 27122 | Shoals:1 | Killed Frances
 27213 | Shoals:1 | Identified a scroll of acquirement
 27214 | Shoals:1 | Got a scorched brass ring
 27216 | Shoals:1 | Identified the ring of Elyvilon's Supremacy {rC+ Slay+2} (You acquired it on level 1 of the Shoals)
 27283 | Shoals:2 | Reached skill level 20 in Armour
 29336 | Shoals:3 | Reached XP level 17. HP: 163/163 MP: 22/22
 29425 | Shoals:4 | Entered Level 4 of the Shoals
 29474 | Shoals:4 | Noticed Jorgrun
 29493 | Shoals:4 | Killed Jorgrun
 29525 | Shoals:4 | Received a gift from Okawaru
 29592 | Shoals:4 | HP: 8/163 [drowned by a water nymph (12)]
 29594 | Shoals:4 | Drowned by a water nymph

Vault maps used:
D:1:      dpeg_arrival_yet_another_circle
D:2:      first_bread, uniq_jessica, uniq_sigmund, uniq_crazy_yiuf_cottage
D:3:      lemuel_coloured_pillars_altar, uniq_natasha
D:4:      serial_shops, shop, nicolae_shop_statue_plus, minmay_misc_feat_iff
D:5:      serial_shops, shop, shop
D:6:      evilmike_ruin_ashenzari, trog_ov_bears_minmay, serial_shops, shop
D:7:      old_standard_altar, nicolae_overflow_crystal_walls,
          minmay_temple_entry_overgrown, enter_ossuary_1
D:8:      vehumet_crystals, marbit_many_paths, elyvilon_altar_1, grunt_ogre_cave
D:9:      orc_0_dummy, dk_yredelemnul_ordeal
D:10:     lair_0_dummy, uniq_maurice
D:11:     kennysheep_cross_bottleneck, st_stairs_12, lemuel_altar_in_water2
D:12:     minmay_tri_box
D:13:     david_defended_altar_orc
D:14:     lightli_vaults_fourway_checkpoint, basic_altar,
          grunt_decor_one_mirror, minmay_misc_feat_four_crosses, uniq_urug
Temple:   dpeg_five_rooms_temple_12
Lair:1:   grunt_megastairs_4, infiniplex_staircase_pool_2, serial_bayou_shore_b,
          lemuel_fruit_fields, lemuel_fruit_fields
Lair:2:   lemuel_fruit_tree, uniq_nergalle
Lair:3:   infiniplex_staircase_pool
Lair:4:   basic_altar, minivault_24, guppyfry_lair_drakes, lemuel_fruit_fields,
          serial_bayou_shore_a, uniq_sonja
Lair:5:   nicolae_spider_entry_orb_guardian, basic_altar, special_room
Lair:6:   dragon1_lemuel, minmay_shoals_entry_centaurs, lemuel_fruit_fields
Lair:7:   slime_altar_1, grunt_megastairs_2
Lair:8:   evil_forest, grunt_megastairs_1
Shoals:1: uniq_frances
Shoals:2: st_sunken_huts
Shoals:4: shoals_end_hangedman, shoals_ilsuiw_ice, uniq_jorgrun
Orc:1:    portal_ice_cave_entry_pillars_01, serial_shops, shop_statue
Orc:2:    grunt_orc_community_town_hall, grunt_orc_community_big_house_1,
          grunt_orc_community_big_house_1, grunt_orc_community_house_1,
          grunt_orc_community_house_1, grunt_orc_community_house_3,
          grunt_orc_community_house_2, basic_altar
Elf:1:    orc_legates
Elf:2:    serial_shops, nicolae_shop_behind_doors, uniq_roxanne,
          uniq_saint_roka, uniq_nikola
Ossuary:  ossuary_tomb_2

Skill      XL: |  1  2  3  4  5  6  7  8  9 10 11 12 13 14 15 16 |
---------------+-------------------------------------------------+-----
Axes           | 4 5 6 7 8 10 12 14 16 18 19 | 19.9
Fighting       | 3 4 5 6 7 10 13 15 17 | 17.7
Armour         | 1 4 7 9 12 14 15 17 19 20 | 20.8
Invocations    | 7 8 |  8.0
Throwing       | |  2.0
Dodging        | |  3.2

Action                   |  1- 3 |  4- 6 |  7- 9 | 10-12 | 13-15 | 16-18 || total
-------------------------+-------+-------+-------+-------+-------+-------++-------
Melee: War axe           |    59 |    65 |   194 |       |       |       ||   318
       Hand axe          |       |       |   244 |   887 |   430 |       ||  1561
       Executioner's axe |       |       |       |       |   938 |   481 ||  1419
Throw: Javelin           |       |       |       |       |       |     6 ||     6
Invok: Heroism           |       |       |       |     8 |    24 |    10 ||    42
       Finesse           |       |       |       |       |    12 |     5 ||    17
Evoke: Wand              |       |       |       |     3 |       |       ||     3
  Use: Scroll            |       |     2 |    12 |     6 |     5 |     2 ||    27
       Potion            |       |     3 |     2 |     1 |    14 |     7 ||    27
 Stab: Confused          |       |       |       |     1 |       |       ||     1
  Eat: Chunk             |     2 |     3 |    13 |    19 |    37 |    14 ||    88
       Bread ration      |       |       |     1 |     1 |     2 |     1 ||     5
       Royal jelly       |       |       |       |     1 |     1 |       ||     2
       Pizza             |       |       |       |       |     2 |       ||     2
       Meat ration       |       |       |       |       |     1 |       ||     1
